 Dungeon Crawl Stone Soup version 0.17-a0-2127-g1cb09f6 (webtiles) character file.

85946 4thArraOfDagon the Severer (level 15, -5/144 HPs)
             Began as a Deep Dwarf Berserker on Oct 22, 2015.
             Was a Priest of Trog.
             Slain by an eight-headed hydra (13 damage)
             ... on level 4 of the Swamp.
             The game lasted 00:46:07 (6471 turns).

4thArraOfDagon the Severer (Deep Dwarf Berserker)   Turns: 6471, Time: 00:46:08

Health: -5/144     AC: 23    Str: 21    XL:     15   Next: 39%
Magic:  32/32      EV: 12    Int: 14    God:    Trog [***...]
Gold:   332        SH:  0    Dex: 20    Spells: 0 memorised, 14 levels left

rFire  + . .     SeeInvis .     s - +5 morningstar of Rurghask {elec, rF+ Dex+2}
rCold  . . .     Clarity  .     N - +4 ring mail of Qazlal's Castigation {rC- Regen+ Dex+6}
rNeg   + . .     SustAt   .     (no shield)
rPois  +         Gourm    +     q - +1 helmet
rElec  .         Spirit   .     K - +0 cloak {rPois}
rCorr  .         Warding  .     I - +4 pair of gloves "Houwiw" {+Fly MP+9}
rMut   .         Stasis   .     G - +0 pair of boots
MR     ++++.                    l - amulet of the gourmand
Stlth  ++........               D - +3 ring of slaying
                                u - ring of stealth

@: non-regenerating, incredibly resistant to hostile enchantments, unstealthy
A: damage resistance, recharge devices, cold resistance 1, negative energy
resistance 1, sense surroundings 2, slow regeneration 3
a: Device Recharging, Berserk, Trog's Hand, Burn Spellbooks, Renounce Religion,
Evoke Flight


You were on level 4 of the Swamp.
You worshipped Trog.
Trog was most pleased with you.
You were not hungry.

You visited 4 branches of the dungeon, and saw 28 of its levels.
You also visited: Labyrinth, Ossuary and Ice Cave.

You collected 1674 gold pieces.
You spent 1342 gold pieces at shops.

Inventory:

Hand Weapons
 p - a +0 battleaxe of freezing
 s - the +5 morningstar of Rurghask (weapon) {elec, rF+ Dex+2}
   (You found it on level 11 of the Dungeon)

   Occasionally, upon striking a foe, it will discharge some electrical energy
   and cause terrible harm.
   It affects your dexterity (+2).
   It protects you from fire.
Armour
 q - a +1 helmet (worn)
 G - a +0 pair of boots (worn)
 I - the +4 pair of gloves "Houwiw" (worn) {+Fly MP+9}
   (You found it on level 8 of the Lair of Beasts)

   It affects your magic capacity (+9).
   It lets you fly.
 K - a +0 cloak of poison resistance (worn)
 N - the +4 ring mail of Qazlal's Castigation (worn) {rC- Regen+ Dex+6}
   (You found it on level 3 of the Orcish Mines)

   It affects your dexterity (+6).
   It makes you vulnerable to cold.
   It increases your rate of regeneration.
 V - a fire dragon hide
Rods
 v - a +1 rod of destruction (13/13)
   (You found it on level 8 of the Lair of Beasts)
 L - a +7 rod of inaccuracy (9/9)
   (You found it in an ice cave)
Jewellery
 l - an amulet of the gourmand (around neck)
 u - a ring of stealth (left hand)
 D - a +3 ring of slaying (right hand)
 M - an uncursed ring of ice
Wands
 b - a wand of cold (1)
 c - a wand of heal wounds (2)
 g - a wand of hasting (5)
 m - a wand of teleportation (6)
 w - a wand of draining (5)
 x - a wand of polymorph (16)
 z - a wand of enslavement (18)
 B - a wand of digging (13)
 E - a wand of paralysis (11)
 F - a wand of disintegration (12)
 T - a wand of draining (9)
 X - a wand of fire (3)
 Z - a wand of enslavement (17)
Scrolls
 d - 2 scrolls of teleportation
 f - 2 scrolls of remove curse
 h - a scroll of immolation
 o - a scroll of enchant weapon
 t - a scroll of summoning
 A - 2 scrolls of enchant armour
Potions
 a - a potion of brilliance
 e - 5 potions of curing
 i - a potion of cancellation {unknown}
 n - 2 potions of might
 r - a potion of flight
 y - a potion of cure mutation
 H - 3 potions of agility
 J - 2 potions of lignification
 Q - a potion of resistance
 U - 2 potions of haste
Books
 j - a book of Summonings

   Spells                             Type                      Level
   a - Recall                         Summoning/Translocation      3
   b - Aura of Abjuration             Summoning                    5
   c - Shadow Creatures               Summoning                    5
   d - Summon Demon                   Summoning                    5
   e - Summon Forest                  Summoning/Translocation      5
   f - Summon Mana Viper              Hexes/Summoning              5
   Trog disapproves of the use of such an item.
 S - a book of Alchemy

   Spells                             Type                      Level
   a - Sublimation of Blood           Necromancy                   2
   b - Ignite Poison                  Fire/Transmutation/Poison    3
   c - Alistair's Intoxication        Transmutation/Poison         4
   d - Condensation Shield            Ice                          4
   e - Petrify                        Transmutation/Earth          4
   f - Irradiate                      Conjuration/Transmutation    5
   Trog disapproves of the use of such an item.
 W - Aczahez's Incunabulum of Sinister Enhancements
   (You found it in a labyrinth)

   Spells                             Type                      Level
   a - Song of Slaying                Charms                       2
   b - Swiftness                      Charms/Air                   2
   c - Ozocubu's Armour               Charms/Ice                   3
   d - Regeneration                   Charms/Necromancy            3
   e - Spectral Weapon                Hexes/Charms                 3
   f - Excruciating Wounds            Charms/Necromancy            5
   g - Iskenderun's Battlesphere      Conjuration/Charms           5
   h - Haste                          Charms                       6
   Trog disapproves of the use of such an item.
Miscellaneous
 O - a plain deck of changes
 Y - a stone of tremors
Comestibles
 k - 2 meat rations
 C - 4 beef jerkies
 P - 3 fruits


   Skills:
 + Level 11.6 Fighting
 * Level 17.8 Axes
 + Level 13.7 Armour
 - Level 2.1 Dodging
 + Level 14.2 Evocations


You had 14 spell levels left.
You didn't know any spells.

Dungeon Overview and Level Annotations

Branches:
Dungeon (12/15)              Lair (8/8) D:9           Swamp (4/4) Lair:3
    Orc (4/4) D:11
 Temple: D:4-7        Snake: Lair:3-6    Spider: Lair:3-6     Slime: Lair:6-8
    Elf: Orc:3-4

Altars:
Dithmenos
Okawaru
Sif Muna
Xom
Yredelemnul
Zin
Beogh

Shops:
D:5 *   Orc:1 :   Orc:4 !}}[

Annotations:
D:3 emiel's ghost, weakling DsFE
D:4 emiel's ghost, amateur DsFE
Lair:3 SWAMP?


Innate Abilities, Weirdness & Mutations

You are resistant to damage.
You can recharge devices by infusing magical energy.
You resist negative energy.
You passively map the area around you.
You do not regenerate naturally.
Your flesh is cold resistant.


Message History

Unknown command.
Unknown command.
You sock the eight-headed hydra!
The eight-headed hydra is severely wounded.
The seven-headed hydra bites you.
* * * LOW HITPOINT WARNING * * *
The seven-headed hydra bites you but does no damage.
The seven-headed hydra bites you!
* * * LOW HITPOINT WARNING * * *
The seven-headed hydra bites you but does no damage. x4
The eight-headed hydra closely misses you.
The eight-headed hydra bites you but does no damage.
The eight-headed hydra bites you!
* * * LOW HITPOINT WARNING * * *
The eight-headed hydra bites you!
* * * LOW HITPOINT WARNING * * *
The eight-headed hydra barely misses you.
The eight-headed hydra closely misses you.
The eight-headed hydra bites you!
You die...

♣≈.≈..♣♣ * , ≈ ♣♣♣♣..≈..♣♣♣♣ *
≈ ≈, ♣♣.♣≈≈.≈§≈.≈.♣♣ ♣♣ ≈.. ,
♣.......≈....§♣♣≈♣...♣, ***
♣♣.♣≈.≈............§..≈
≈♣♣♣≈.(.≈....§......≈≈≈.≈≈ *
≈.≈≈........§§D...≈≈≈≈.... ≈
≈≈.........§§kDD....≈≈..... ,*
.§≈.♣♣♣≈.....§♣@....≈.≈≈.≈.. .
≈, ♣.......♣♣....≈..≈..≈≈≈ ≈.,
♣......♣.........≈≈...,, * .≈≈
♣≈......♣.......≈..... ,
*#≈≈.♣♣♣≈...............≈.♣≈.,
* ♣≈≈............)......≈§≈≈≈,
*##≈≈.≈..........§≈...≈≈.♣ ≈
,*##..............≈.<.≈≈≈♣
,,,*#≈≈!≈..≈≈....≈≈≈.≈♣♣♣♣♣


You could see an eight-headed hydra, a seven-headed hydra, a swamp dragon and a
swamp drake.

Vanquished Creatures
  2 orc warlords (Orc:3)
  A frost giant (IceCv)
  A stone giant (Orc:3)
  A minotaur (Lab)
  7 hydras
  A ghost crab (Swamp:1)
  5 alligators
  9 death yaks
  5 orc high priests
  The ghost of MordorOrchid the Covert, a journeyman SpAE of Vehumet (Orc:2)
  2 shambling mangroves
  An ice statue (IceCv)
  A spriggan druid (Swamp:4)
  4 orc knights
  5 swamp dragons
  A hill giant (D:10)
  2 orc sorcerers
  A griffon (Lair:5)
  2 cyclopes
  Maurice (D:9)
  A black mamba (Lair:8)
  An elephant (D:9)
  14 spiny frogs
  3 komodo dragons
  14 polar bears (IceCv)
  5 trolls
  4 giant leeches
  2 fire drakes
  2 two-headed ogres
  7 blink frogs (Lair:8)
  2 bog bodies
  7 slime creatures
  A spriggan (Swamp:1)
  A basilisk (Lair:4)
  3 hippogriffs
  28 yaks
  2 fire bats (Orc:3)
  2 wargs
  18 wolves (IceCv)
  6 swamp worms
  3 water moccasins
  11 vampire mosquitoes
  3 ice beasts
  2 porcupines
  38 orc warriors
  A sky beast (D:10)
  15 ogres
  A phantom (D:10)
  4 wasps
  A centaur (D:8)
  3 crocodiles
  A big kobold (D:9)
  11 giant frogs
  2 scorpions
  A wyvern skeleton (D:12)
  15 killer bees
  3 electric eels (Lair:8)
  A giant frog zombie (D:8)
  28 orc priests
  2 hounds
  2 centaur zombies
  3 human zombies (Ossuary)
  A giant frog skeleton (D:6)
  24 orc wizards
  An iguana (Lair:3)
  A sheep (D:9)
  2 worker ants
  3 big kobold zombies (Ossuary)
  A hound skeleton (D:7)
  3 mummies (Ossuary)
  8 adders
  A shadow imp (D:6)
  12 white imps (Orc:2)
  9 adder zombies (Ossuary)
  A worm (D:2)
  A giant gecko (D:3)
  184 orcs
  5 giant cockroaches
  A hobgoblin (D:2)
  A quokka (D:2)
  A giant newt (D:1)
  2 goblins (D:3)
  3 goblin zombies (Ossuary)
  4 hobgoblin zombies (Ossuary)
  2 jackals (D:9)
  A jackal zombie (Ossuary)
  2 kobolds (D:9)
  2 kobold zombies (Ossuary)
  2 quokka skeletons
  2 quokka zombies (Ossuary)
  2 rat zombies (Ossuary)
609 creatures vanquished.

Vanquished Creatures (collateral kills)
  An orc warlord (Orc:4)
  An orc high priest (Orc:4)
  2 orc warriors (Orc:4)
  An orc priest (Orc:4)
  An orc wizard (Orc:4)
  3 orcs (Orc:4)
9 creatures vanquished.

Vanquished Creatures (others)
  A giant leech (Swamp:1)
  A wolf (IceCv)
  2 orcs (Orc:4)
  2 fungi (Lair:8)
  4 plants (Lair:8)
10 creatures vanquished.

Grand Total: 628 creatures vanquished

Notes
Turn   | Place    | Note
--------------------------------------------------------------
     0 | D:1      | 4thArraOfDagon the Deep Dwarf Berserker began the quest for the Orb.
     0 | D:1      | Reached XP level 1. HP: 20/20 MP: 1/1
    81 | D:2      | Reached XP level 2. HP: 27/27 MP: 2/2
   134 | D:3      | Noticed emiel's ghost (weakling DsFE)
   147 | D:3      | Reached skill level 4 in Axes
   193 | D:3      | Found a deep blue altar of Sif Muna.
   239 | D:4      | Noticed emiel's ghost (amateur DsFE)
   243 | D:5      | Entered Level 5 of the Dungeon
   258 | D:5      | Found Balies Loxti's General Store.
   274 | D:5      | Bought a scroll of identify for 20 gold pieces
   274 | D:5      | Bought a potion of poison for 10 gold pieces
   285 | D:5      | Found a shimmering altar of Xom.
   345 | D:5      | Reached skill level 1 in Evocations
   345 | D:5      | Reached XP level 3. HP: 29/34 MP: 3/3
   381 | D:5      | Found a shadowy altar of Dithmenos.
   392 | D:5      | Reached XP level 4. HP: 35/42 MP: 3/5
   526 | D:6      | Reached skill level 5 in Axes
   528 | D:6      | Noticed an orc warrior
   568 | D:6      | Reached XP level 5. HP: 49/49 MP: 6/6
   577 | D:6      | Killed an orc warrior
   577 | D:6      | Reached XP level 6. HP: 28/56 MP: 6/8
   591 | D:6      | Noticed an orc warrior
   599 | D:7      | Reached ** piety under Trog
   702 | D:6      | Found a basalt altar of Yredelemnul.
   746 | D:7      | Reached skill level 6 in Axes
   849 | D:7      | Found a sand-covered staircase.
   854 | Ossuary  | Entered an ossuary
   878 | Ossuary  | Reached XP level 7. HP: 33/64 MP: 9/9
  1156 | D:8      | Noticed a centaur zombie
  1175 | D:8      | Killed a centaur zombie
  1175 | D:8      | Reached skill level 7 in Axes
  1175 | D:8      | Reached skill level 5 in Armour
  1175 | D:8      | Reached XP level 8. HP: 72/73 MP: 11/11
  1206 | D:8      | Reached skill level 5 in Evocations
  1225 | D:9      | Noticed Maurice
  1225 | D:9      | Noticed a two-headed ogre
  1233 | D:9      | Killed a two-headed ogre
  1236 | D:9      | Killed Maurice
  1236 | D:9      | Reached skill level 5 in Fighting
  1236 | D:9      | Reached skill level 8 in Axes
  1400 | D:9      | Gained mutation: You passively map the area around you. [Deep Dwarf growth]
  1400 | D:9      | Reached XP level 9. HP: 71/81 MP: 13/13
  1416 | D:9      | Reached skill level 9 in Axes
  1473 | D:9      | Reached *** piety under Trog
  1528 | D:8      | Found an iron altar of Okawaru.
  1528 | D:8      | Found a glowing silver altar of Zin.
  1561 | D:9      | Noticed an elephant
  1561 | D:9      | Found a staircase to the Lair.
  1576 | D:9      | Killed an elephant
  1658 | D:9      | Noticed a troll
  1666 | D:9      | Killed a troll
  1666 | D:9      | Reached skill level 10 in Axes
  1714 | D:10     | Entered Level 10 of the Dungeon
  1875 | D:10     | Reached XP level 10. HP: 84/92 MP: 16/16
  1909 | D:10     | Noticed a hill giant
  1933 | D:10     | Killed a hill giant
  1993 | D:10     | Reached skill level 11 in Axes
  2035 | D:10     | Reached **** piety under Trog
  2111 | D:11     | Got a crude morningstar
  2113 | D:11     | Identified the +5 morningstar of Rurghask {elec, rF+ Dex+2} (You found it on level 11 of the Dungeon)
  2117 | D:11     | Found a staircase to the Orcish Mines.
  2169 | Orc:1    | Entered Level 1 of the Orcish Mines
  2209 | Orc:1    | Found Xosoeh's Book Emporium.
  2286 | Orc:2    | Found a frozen archway.
  2333 | Orc:2    | Noticed MordorOrchid's ghost (journeyman SpAE)
  2334 | IceCv    | Entered an ice cave
  2426 | IceCv    | Reached skill level 12 in Axes
  2451 | IceCv    | Reached XP level 11. HP: 69/102 MP: 18/18
  2590 | IceCv    | Reached skill level 10 in Evocations
  2685 | IceCv    | Noticed an ice statue
  2698 | IceCv    | Killed an ice statue
  2706 | IceCv    | Reached ***** piety under Trog
  2772 | IceCv    | Noticed a death yak
  2776 | IceCv    | Reached skill level 13 in Axes
  2788 | IceCv    | Killed a death yak
  2884 | IceCv    | Noticed a death yak
  2884 | IceCv    | Noticed a frost giant
  2884 | IceCv    | Noticed a death yak
  2897 | IceCv    | Killed a death yak
  2902 | IceCv    | Killed a frost giant
  2902 | IceCv    | Reached skill level 10 in Armour
  2902 | IceCv    | Reached XP level 12. HP: 112/112 MP: 20/20
  2923 | IceCv    | Killed a death yak
  3010 | Orc:2    | Killed MordorOrchid's ghost
  3082 | Orc:1    | Reached skill level 14 in Axes
  3251 | Orc:3    | Noticed an orc warlord
  3256 | Orc:3    | Noticed an orc warlord
  3695 | Orc:3    | Killed an orc warlord
  3855 | Orc:3    | Got a pitted pewter amulet
  3858 | Orc:3    | Got an ichor-stained ring mail
  3862 | Orc:3    | Identified the amulet "Iraynoph" {Inacc *Confuse rElec Dex+7} (You found it on level 3 of the Orcish Mines)
  3863 | Orc:3    | obviously
  3873 | Orc:3    | Identified the +4 ring mail of Qazlal's Castigation {rC- Regen+ Dex+6} (You found it on level 3 of the Orcish Mines)
  3899 | Orc:3    | Noticed a stone giant
  3911 | Orc:3    | Killed an orc warlord
  3928 | Orc:3    | Killed a stone giant
  3928 | Orc:3    | Reached skill level 15 in Axes
  3966 | Orc:4    | Entered Level 4 of the Orcish Mines
  3996 | Orc:4    | Found Miwod's Gadget Emporium.
  4000 | Orc:4    | Found Cirgh's Distillery.
  4010 | Orc:4    | Reached XP level 13. HP: 68/122 MP: 22/22
  4025 | Orc:4    | Bought a potion of experience for 800 gold pieces
  4025 | Orc:4    | Bought a potion of lignification for 48 gold pieces
  4025 | Orc:4    | Bought a potion of lignification for 48 gold pieces
  4025 | Orc:4    | Bought 2 potions of agility for 128 gold pieces
  4025 | Orc:4    | Bought a potion of heal wounds for 80 gold pieces
  4025 | Orc:4    | Bought a potion of resistance for 160 gold pieces
  4025 | Orc:4    | Bought a potion of curing for 48 gold pieces
  4025 | Orc:4    | Reached skill level 10 in Fighting
  4025 | Orc:4    | Gained mutation: You resist negative energy. [Deep Dwarf growth]
  4025 | Orc:4    | Reached XP level 14. HP: 17/132 MP: 23/23
  4069 | Orc:4    | Found a roughly hewn altar of Beogh.
  4339 | Orc:4    | Received a gift from Trog
  4471 | Orc:4    | Found Dereush's Gadget Boutique.
  4525 | Orc:4    | Found Caengor's Antique Armour Emporium.
  4530 | Orc:4    | Reached skill level 16 in Axes
  4584 | Orc:4    | Identified a +7 rod of inaccuracy (9/9) (You found it in an ice cave)
  4593 | Orc:4    | Noticed an orc warlord
  4598 | Orc:4    | Killed an orc warlord
  4601 | Orc:4    | Found a roughly hewn altar of Beogh.
  4973 | Lair:1   | Entered Level 1 of the Lair of Beasts
  5163 | Lair:3   | Found a labyrinth entrance.
  5172 | Lab      | Entered a labyrinth
  5235 | Lab      | Identified Aczahez's Incunabulum of Sinister Enhancements (You found it in a labyrinth)
  5244 | Lab      | :(
  5266 | Lair:3   | Found a staircase to the Swamp.
  5421 | Lair:8   | Entered Level 8 of the Lair of Beasts
  5510 | Lair:8   | Gained mutation: Your flesh is cold resistant. [potion of beneficial mutation]
  5559 | Lair:8   | Identified a +1 rod of destruction (13/13) (You found it on level 8 of the Lair of Beasts)
  5563 | Lair:8   | Got a pair of fine gloves
  5575 | Lair:8   | Received a gift from Trog
  5575 | Lair:8   | Reached skill level 17 in Axes
  5601 | Lair:7   | Identified the +4 pair of gloves "Houwiw" {+Fly MP+9} (You found it on level 8 of the Lair of Beasts)
  5601 | Lair:7   | :(
  5733 | Swamp:1  | Entered Level 1 of the Swamp
  5865 | Swamp:1  | Reached XP level 15. HP: 92/142 MP: 24/24
  6310 | Swamp:4  | Entered Level 4 of the Swamp
  6471 | Swamp:4  | Slain by an eight-headed hydra

Vault maps used:
D:1:      sevenhm_arrival_forest_fort_large_4
D:3:      nicolae_overflow_hidden_temple
D:4:      bloody_trog, minmay_temple_entry_large_hall
D:5:      nicolae_dithmenos_through_a_glass_darkly, basic_altar, first_bread,
          serial_shops, shop, tgw_sif, uniq_blork_the_orc
D:6:      lemuel_round_altar, basic_altar
D:7:      lightli_ossuary_entry_decrepit_ruins, grunt_ogre_cave,
          nicolae_elemental_shop
D:8:      minmay_goldmine, tso_oasis_becter, gammafunk_temple_overflow_pools,
          basic_altar
D:9:      david_lair_generic, serial_glass, glass_columns_b, glass_columns_a,
          supply_closet_lemuel, uniq_maurice
D:11:     orc_0_dummy, uniq_grum
D:12:     basic_altar, minmay_misc_feat_five, spider_trap, uniq_josephine
Lair:1:   lemuel_fruit_tree
Lair:2:   serial_bayou_pond_c, lemuel_centaur_altar, uniq_harold
Lair:3:   kennysheep_rathole, minmay_swamp_entry_worms, lab_entry_generic,
          serial_bayou_lake_a, infiniplex_staircase_pool_2
Lair:4:   minivault_25, serial_bayou_crossing
Lair:6:   nicolae_spider_entry_orb_guardian, grunt_megastairs_2
Lair:7:   uniq_nessos
Lair:8:   minmay_lair_end_frog_pond, dpeg_slime_entry_corner,
          grunt_forest_stairs_basic
Swamp:1:  evilmike_swamp_ruin_rubble_2, infiniplex_staircase_pool
Swamp:2:  serial_swamp_ruin, evilmike_swamp_ruin_house_5,
          evilmike_swamp_ruin_rubble_1, hangedman_swamp_ruin_hall
Swamp:3:  evilmike_swamp_ruin_house_4, swamp_pool1
Swamp:4:  swamp_alternative, swamp_pool4, nicolae_swamp_round_clearing
Orc:1:    serial_shops, shop
Orc:2:    portal_ice_cave_entry_imps
Orc:3:    nicolae_orc_pool_cavern, nicolae_orc_lava_tube,
          nicolae_orc_stony_grotto, minmay_orc_treasury
Orc:4:    pubby_orc_utopia, serial_shops
Lab:      nicolae_lab_dead_adventurers, nicolae_lab_do_over, nicolae_lab_grate
Ossuary:  minmay_ossuary_two_tombs
IceCv:    ice_cave_caverns_01

Action                   |  1- 3 |  4- 6 |  7- 9 | 10-12 | 13-15 || total
-------------------------+-------+-------+-------+-------+-------++-------
Melee: Hand axe          |    33 |    48 |       |       |       ||    81
       War axe           |       |    14 |   255 |   114 |       ||   383
       Morningstar       |       |       |       |   358 |   139 ||   497
       Battleaxe         |       |       |       |   103 |   317 ||   420
Invok: Berserk           |     3 |     5 |     9 |    10 |    16 ||    43
       Trog's Hand       |       |       |     3 |    35 |    42 ||    80
       Brothers in Arms  |       |       |       |     1 |     3 ||     4
 Abil: Device Recharging |       |       |       |       |     2 ||     2
       Evoke Flight      |       |       |       |       |     1 ||     1
Evoke: Wand              |       |     3 |     1 |     8 |     9 ||    21
       Rod               |       |       |       |       |     1 ||     1
       Stone of tremors  |       |       |       |       |     1 ||     1
  Use: Scroll            |     3 |     1 |     6 |     8 |    10 ||    28
       Potion            |       |       |     2 |       |     6 ||     8
 Stab: Distracted        |       |       |       |     1 |       ||     1
       Sleeping          |       |       |       |       |     3 ||     3
  Eat: Chunk             |     1 |     3 |     8 |    29 |    36 ||    77
       Bread ration      |       |     1 |       |       |       ||     1
       Meat ration       |       |       |     1 |       |       ||     1
       Royal jelly       |       |       |       |       |     1 ||     1
       Pizza             |       |       |       |       |     1 ||     1
